 Dungeon Crawl Stone Soup version 0.30.1-11-g7821555f0a (webtiles) character file.

Game seed: 13800111521618579182

229 Peloso the Covered (level 5, -3/46 HPs)
             Began as a Minotaur Fighter on Dec 12, 2023.
             Was an Initiate of Okawaru.
             Slain by Edmund
             ... wielding a +1 dire flail of protection
              (5 damage)
             ... on level 4 of the Dungeon.
             The game lasted 00:05:56 (2807 turns).

Peloso the Covered (Minotaur Fighter)               Turns: 2807, Time: 00:05:56

Health: -3/46      AC: 13    Str: 21    XL:     5   Next: 71%
Magic:  4/4        EV:  8    Int:  5    God:    Okawaru [......]
Gold:   93         SH:  4    Dex: 11    Spells: 4/4 levels left

rFire   + . .        a - +0 long sword
rCold   + . .        d - +0 buckler
rNeg    . . .        j - +0 chain mail
rPois   .            (helmet restricted)
rElec   .            c - scarf {rC+ rF+}
rCorr   .            (no gloves)
SInv    .            p - +2 pair of boots
Will    .....        (no amulet) Stlth
                     (no ring)
HPRegen 0.27/turn    (no ring)
MPRegen 0.09/turn

%: no passive effects
@: no status effects
A: horns 2, retaliatory headbutt
a: Renounce Religion


You were on level 4 of the Dungeon.
You worshipped Okawaru.
Okawaru was noncommittal.
You visited 2 branches of the dungeon, and saw 5 of its levels.

You collected 93 gold pieces.

Inventory:

Hand Weapons
 a - a +0 long sword (weapon)
Armour
 b - a +0 scale mail
 c - a scarf of resistance (worn)
 d - a +0 buckler (worn)
 j - a +0 chain mail (worn)
 p - a +2 pair of boots (worn)
Scrolls
 f - a scroll of identify
 g - a scroll of fear
 h - a scroll of fog
 i - a scroll of poison {unknown}
 k - 2 scrolls of teleportation {unknown}
 n - a scroll of enchant weapon
 o - a scroll of amnesia
 r - a scroll of blinking {unknown}
Potions
 e - a potion of might
 l - a potion of magic
 q - 2 potions of mutation


   Skills:
 + Level 4.2 Fighting
 + Level 5.0 Long Blades
 + Level 5.4 Armour
 + Level 0.6 Dodging
 + Level 4.3 Shields


You had 4 spell levels left.
You didn't know any spells.
Your spell library contained the following spells:

 Spells                   Type           Power      Damage    Failure   Level
 Hailstorm                Conj/Ice       0%         3d3       100%        3
 Portal Projectile        Hex/Tloc       0%         N/A       100%        3
 Ice Form                 Ice/Tmut       0%         N/A       100%        4
 Leda's Liquefaction      Hex/Erth       0%         N/A       100%        4
 Call Canine Familiar     Summ           Unusable   N/A       N/A         3
 Simulacrum               Ice/Necr       Unusable   N/A       N/A         6

Dungeon Overview and Level Annotations

Branches:
Dungeon (4/15)             Temple (1/1) D:4

Altars:
Elyvilon
Fedhas
Hepliaklqana
Kikubaaqudgha
Makhleb
Nemelex Xobeh
Okawaru
Ru
Sif Muna
Uskayaw
Vehumet
Xom
Yredelemnul
Zin

Shops:
D:1 (

Portals:
Abyss: D:3

Annotations:
D:3 2 transporters, waddelsworth's ghost, amateur MiBe
D:4 Edmund


Innate Abilities, Weirdness & Mutations

You have a pair of horns on your head.
You reflexively headbutt those who attack you in melee.


Message History

Edmund hits you with a +1 dire flail of protection!
* * * LOW HITPOINT WARNING * * *
You closely miss Edmund.
Edmund is heavily wounded.
Edmund closely misses you.
You feel better.
Edmund hits you with a +1 dire flail of protection.
Unknown command.
You hit Edmund.
Edmund is heavily wounded.
Edmund hits you with a +1 dire flail of protection!
* * * LOW HITPOINT WARNING * * *
Unknown command.
You completely miss Edmund.
Edmund is heavily wounded.
Edmund closely misses you.
Unknown command.
You closely miss Edmund.
Edmund is heavily wounded.
Edmund hits you but does no damage.
Edmund hits you with a +1 dire flail of protection.
* * * LOW HITPOINT WARNING * * *
Unknown command.
You feel better. You block Edmund's attack.
Unknown command.
You hit Edmund but do no damage. Your headbutt misses Edmund.
Edmund is heavily wounded.
Edmund hits you but does no damage.
You closely miss Edmund.
Edmund is heavily wounded.
Edmund hits you with a +1 dire flail of protection.
* * * LOW HITPOINT WARNING * * *
You barely miss Edmund. Your headbutt misses Edmund.
Edmund is heavily wounded.
Edmund hits you with a +1 dire flail of protection!
* * * LOW HITPOINT WARNING * * *
You hit Edmund but do no damage.
Edmund is heavily wounded.
Edmund hits you with a +1 dire flail of protection.
You die...

##...#.# ##.## ###.###
#.#.#....#######.# ##<###
#................# ##.....
#####..#..#####.+## #.###..
##.......######...## #.# #..
#......).#.........## ###.###..
#..###...#.##..#....## #........
#..##....#.....#.....####...##.#.
# #.........#.#@#...+...........
#..........###@...####......#.
#.......#...#...#..###..#.###.
..#........#.....#....##.##.###.
#.......†#####.@.#####..#........
####.###....#.....#....#####.####
#. ##..#...#...#..## #.# #.
##....###....# #.#
#.######..#.#.#..## #.#


You could see Edmund.

Vanquished Creatures
  A howler monkey (D:4)
  A hound (D:4)
  An iguana (D:4)
  5 adders
  2 worms
  5 dart slugs
  8 orcs (D:3)
  8 endoplasms
  2 giant cockroaches (D:1)
  4 goblins
  4 hobgoblins
  3 quokkas
  8 ball pythons
  5 bats
  2 frilled lizards (D:1)
  3 kobolds
  8 rats
70 creatures vanquished.

Notes
Turn   | Place    | Note
-------+----------+-------------------------------------------
     0 | D:1      | Peloso the Minotaur Fighter began the quest for the Orb.
     0 | D:1      | Reached XP level 1. HP: 19/19 MP: 0/0
   127 | D:1      | Found Sem Odemp's Antique Weapon Shop.
   317 | D:1      | Reached XP level 2. HP: 27/27 MP: 1/1
   955 | D:2      | Identified the orb of Hysteria {guile, Drain Dex+6}
  1047 | D:2      | Reached XP level 3. HP: 33/33 MP: 2/2
  1456 | D:2      | Reached XP level 4. HP: 40/40 MP: 3/3
  1655 | D:3      | Noticed waddelsworth's ghost (amateur MiBe)
  2003 | D:3      | Found a white marble altar of Elyvilon.
  2015 | D:3      | Found a shimmering blue altar of Sif Muna.
  2044 | D:3      | Found a transporter.
  2044 | D:3      | Found a one-way gate to the infinite horrors of the Abyss.
  2049 | D:3      | Found a transporter.
  2586 | D:4      | Reached skill level 5 in Armour
  2586 | D:4      | Reached XP level 5. HP: 38/46 MP: 4/4
  2654 | D:4      | Reached skill level 5 in Long Blades
  2677 | D:4      | Found a staircase to the Ecumenical Temple.
  2690 | D:4      | Noticed Edmund
  2703 | Temple   | Entered the Ecumenical Temple
  2750 | Temple   | Became a worshipper of Warmaster Okawaru
  2806 | D:4      | HP: 1/46 [Edmund/+1 dire flail of protection (9)]
  2807 | D:4      | Slain by Edmund

Illustrated notes

Levels and vault maps discovered:
D:1:      psy_arrival_statuary, layout_loops_ring, serial_shops, shop,
          serial_forest, infiniplex_forest_clump_tiny,
          infiniplex_forest_clump_curved, infiniplex_forest_clump_long,
          infiniplex_forest_end_2, infiniplex_forest_straight_3,
          infiniplex_forest_clump_tiny, infiniplex_forest_straight_2
D:2:      layout_loops_ring, minmay_bisected
D:3:      layout_basic, mainiacjoe_overflow_big_doors,
          gammafunk_ghost_abyssal_escape
D:4:      layout_loops_corners, minmay_temple_entry_arrows, uniq_edmund
Temple:   nicolae_temple_godzebo

Skill      XL: |  1  2  3  4  5 |
---------------+----------------+-----
Shields        | 4 |  4.3
Armour         | 4 5 |  5.4
Long Blades    | 3 4 5 |  5.0
Fighting       | 4 |  4.2
Dodging        | |  0.6

Action                     |  1- 3 |  4- 6 || total
---------------------------+-------+-------++-------
  Melee: Long sword        |    85 |    99 ||   184
         Headbutt          |    16 |    12 ||    28
    Use: Potion            |     1 |     2 ||     3
         Scroll            |       |     8 ||     8
 Armour: Scale mail        |    35 |    31 ||    66
         Chain mail        |       |     5 ||     5
  Dodge: Dodged            |    40 |    38 ||    78
  Block: Buckler           |    16 |    18 ||    34
